 Dungeon Crawl Stone Soup version 0.19.5 (webtiles) character file.

285 Jumperg the Skirmisher (level 6, 0/49 HPs)
             Began as a Demonspawn Abyssal Knight on May 17, 2017.
             Was a Priest of Lugonu.
             Slain by an orc wizard
             ... wielding a +0 dagger
              (3 damage)
             ... on level 5 of the Dungeon.
             The game lasted 00:40:57 (4179 turns).

Jumperg the Skirmisher (Demonspawn Abyssal Knight)  Turns: 4179, Time: 00:40:58

Health: 0/49       AC:  7    Str: 13    XL:     6   Next: 7%
Magic:  8/8        EV: 11    Int: 14    God:    Lugonu [***...]
Gold:   234        SH:  0    Dex: 13    Spells: 0 memorised, 6 levels left

rFire  . . .     SeeInvis .     a - +1 hand axe
rCold  . . .     Gourm    .     j - +0 ring mail
rNeg   . . .     Faith    .     (no shield)
rPois  .         Spirit   .     (no helmet)
rElec  .         Reflect  .     (no cloak)
rCorr  .         Harm     .     (no gloves)
MR     .....                    q - +0 pair of boots
Stlth  +.........               (no amulet)
                                (no ring)
                                (no ring)

@: no status effects
A: rugged brown scales 1, rot immunity
a: Depart the Abyss, Bend Space, Banish, Renounce Religion


You were on level 5 of the Dungeon.
You worshipped Lugonu.
Lugonu was most pleased with you.
You were not hungry.

You visited 1 branch of the dungeon, and saw 5 of its levels.
You visited the Abyss 1 time.

You collected 234 gold pieces.

Inventory:

Hand Weapons
 a - a +1 hand axe (weapon)
Missiles
 b - 61 sling bullets
 g - 12 tomahawks (quivered)
 h - 104 stones
 l - 21 poisoned needles
 m - 5 silver tomahawks
Armour
 j - a +0 ring mail (worn)
 q - a +0 pair of boots (worn)
 y - a +0 chain mail
Scrolls
 d - a scroll of enchant armour {unknown}
 e - 2 scrolls of fog {unknown}
 f - a scroll of random uselessness {unknown}
 i - 4 scrolls of identify {unknown}
 p - a scroll of immolation {unknown}
 s - a scroll of teleportation {unknown}
 t - a scroll of amnesia {unknown}
 u - a scroll of remove curse {unknown}
 v - a scroll of blinking {unknown}
 x - a scroll of noise {unknown}
Potions
 k - a potion of cancellation {unknown}
 n - a potion of degeneration {unknown}
 o - a potion of heal wounds {unknown}
 r - a potion of might {unknown}
 w - a potion of ambrosia {unknown}
Comestibles
 c - 4 bread rations


   Skills:
 + Level 4.1 Fighting
 + Level 2.9 Axes
 - Level 3.0 Armour
 - Level 3.0 Dodging
 * Level 0.6 Spellcasting
 - Level 3.0 Invocations


You had 6 spell levels left.
You didn't know any spells.

Dungeon Overview and Level Annotations

Branches:
Dungeon (5/15)
 Temple: D:4-7

Altars:
Ashenzari
Cheibriados
Gozag
Hepliaklqana
Okawaru
Sif Muna
Yredelemnul

Shops:
D:4 :

Annotations:
D:3 Sigmund
D:4 Hattricker's ghost, amateur DgFE


Innate Abilities, Weirdness & Mutations

You are partially covered in rugged brown scales. (AC +1, +3% HP)
You are immune to rotting.


Message History

The orc wizard is heavily wounded.
The orc wizard hits you but does no damage.
The orc wizard barely misses you.
You hit the orc wizard.
The orc wizard is almost dead.
The orc wizard gestures wildly while chanting.
The orc wizard seems to speed up.
You hit the orc wizard but do no damage.
The orc wizard is almost dead.
The orc wizard hits you with a dagger.
* * * LOW HITPOINT WARNING * * *
The orc wizard miscasts a cantrip.
You closely miss the orc wizard.
The orc wizard is almost dead.
The orc wizard gestures wildly while chanting.
The orc wizard flickers and vanishes!
Deactivating autopickup; reactivate with Ctrl-A.
You barely miss something. Something hits you but does no damage.
Something hits you.
You die...

###########
#.........#
#.........#
#.........#
#..{).....#
#<<@).)...#
#...).....#
#.........#
#.........#
#.........#
#.........#
##..#######
...#


There were no monsters in sight!

Vanquished Creatures
  A hound (D:4)
  An orc priest (D:5)
  Jessica (D:2)
  An orc wizard (D:3)
  7 adders
  An ooze (D:2)
  5 worms
  4 leopard geckos
  10 orcs
  2 giant cockroaches
  12 goblins
  7 hobgoblins
  2 quokkas
  8 bats
  6 frilled lizards
  9 kobolds
  7 rats
  A bush (D:3)
  2 plants (D:3)
87 creatures vanquished.

Notes
Turn   | Place    | Note
-------+----------+-------------------------------------------
     0 | Abyss:1  | Jumperg the Demonspawn Abyssal Knight began the quest for the Orb.
     0 | Abyss:1  | Reached XP level 1. HP: 18/18 MP: 2/2
    49 | Abyss:1  | Noticed a ynoxinul
    62 | D:1      | Escaped the Abyss
   156 | D:1      | Reached * piety under Lugonu
   209 | D:1      | Reached skill level 1 in Dodging
   210 | D:1      | Gained mutation: You are immune to rotting. [demonic ancestry]
   210 | D:1      | Reached XP level 2. HP: 23/24 MP: 3/3
   947 | D:1      | Gained mutation: You are partially covered in rugged brown scales. (AC +1, +3% HP) [demonic ancestry]
   947 | D:1      | Reached XP level 3. HP: 22/29 MP: 5/5
  1051 | D:2      | Found a faded altar of an unknown god.
  1546 | D:2      | Reached ** piety under Lugonu
  1557 | D:2      | Reached XP level 4. HP: 29/37 MP: 6/6
  2031 | D:2      | Noticed Jessica
  2036 | D:2      | Killed Jessica
  2166 | D:2      | Reached XP level 5. HP: 21/43 MP: 7/7
  2359 | D:3      | Found an iron altar of Okawaru.
  2360 | D:3      | Found an opulent altar of Gozag.
  2361 | D:3      | Found a deep blue altar of Sif Muna.
  2361 | D:3      | Found a shattered altar of Ashenzari.
  2362 | D:3      | Found a hazy altar of Hepliaklqana.
  2362 | D:3      | Found a basalt altar of Yredelemnul.
  2517 | D:3      | Noticed Sigmund
  2718 | D:3      | Reached skill level 4 in Fighting
  2969 | D:3      | Found a snail-covered altar of Cheibriados.
  3787 | D:3      | Reached *** piety under Lugonu
  4010 | D:4      | Found Qine's Book Emporium.
  4133 | D:4      | Noticed Hattricker's ghost (amateur DgFE)
  4160 | D:5      | Entered Level 5 of the Dungeon
  4174 | D:5      | Reached XP level 6. HP: 5/49 MP: 8/8
  4177 | D:5      | HP: 2/49 [orc wizard/dagger (3)]
  4179 | D:5      | Slain by an orc wizard

Skill      XL: |  1  2  3  4  5 |
---------------+----------------+-----
Axes           | 2 |  2.9
Dodging        | 1 2 3 |  3.0
Armour         | 2 3 |  3.0
Invocations    | 3 |  3.0
Fighting       | 4 |  4.1
Spellcasting   | |  0.6

Action                   |  1- 3 |  4- 6 || total
-------------------------+-------+-------++-------
Melee: Hand axe          |   126 |   367 ||   493
Throw: Tomahawk          |       |    12 ||    12
Invok: Depart the Abyss  |     1 |       ||     1
  Eat: Chunk             |     2 |     9 ||    11
Armor: Leather armour    |    21 |       ||    21
       Ring mail         |    26 |    88 ||   114
Dodge: Dodged            |    72 |   116 ||   188
